 Dungeon Crawl Stone Soup version 0.30-a0-341-g682706514a (webtiles) character file.

Game seed: 14517886203680120787

64 purpskrrrp the Insei (level 4, -2/33 HPs)
             Began as a Djinni Transmuter on Nov 2, 2022.
             Slain by an orc
             ... wielding a +0 trident
              (7 damage)
             ... on level 3 of the Dungeon.
             The game lasted 00:05:40 (2136 turns).

purpskrrrp the Insei (Djinni Transmuter)            Turns: 2136, Time: 00:05:40

Health: -2/33      AC:  2    Str:  9    XL:     4   Next: 32%
Gold:   118        EV: 16    Int: 16    God:
                   SH:  0    Dex: 14

rFire   + + .      SeeInvis .    s - +2 dagger (antimagic)
rCold   x . .      Faith    .    (no shield)
rNeg    . . .      Spirit   .    a - +0 robe
rPois   ∞          Reflect  .    (helmet currently unavailable)
rElec   .          Harm     .    (no cloak)
rCorr   .          Rampage  .    (no gloves)
Will    .....                    (boots unavailable)
Stlth   +.........               (no amulet)
HPRegen 0.25/turn                r - +4 ring of evasion
MPRegen 0.00/turn                (no ring)

@: appendages (expiring), flying
A: horns 2, flying, sickness immunity, fire resistance 2, cold vulnerability 1,
float, innate caster, HP casting, extra vitality 1
a: End Transformation


You were on level 3 of the Dungeon.
You had temporarily grown beastly horns.
You visited 1 branch of the dungeon, and saw 3 of its levels.

You collected 118 gold pieces.

Inventory:

Hand Weapons
 s - a +2 antimagic dagger (weapon)
Armour
 a - a +0 robe (worn)
 f - a +3 kite shield
Jewellery
 e - an amulet of faith
 r - a +4 ring of evasion (left hand)
Scrolls
 i - a scroll of teleportation
 k - 3 scrolls of fog
Potions
 b - 2 potions of degeneration
 c - a potion of might {unknown}
 d - 2 potions of berserk rage
 g - a potion of magic
 h - a potion of brilliance {unknown}
 j - 4 potions of heal wounds
 m - a potion of curing
 n - 2 potions of ambrosia
 q - 2 potions of haste


   Skills:
 + Level 1.8 Fighting
 + Level 0.0 Short Blades
 + Level 2.8 Dodging
 - Level 3.4 Unarmed Combat
 * Level 2.3 Spellcasting


You couldn't memorise any spells.
You knew the following spells:

 Your Spells              Type           Power      Damage    Failure   Level
a - Beastly Appendage     Tmut           18%        N/A       8%          1
b - Wereblood             Tmut           9%         N/A       12%         2
c - Spider Form           Tmut/Pois      9%         N/A       22%         3
d - Ice Form              Ice/Tmut       9%         N/A       58%         4
e - Foxfire               Conj/Fire      36%        2x1d5     8%          1
Your spell library was empty.

Dungeon Overview and Level Annotations

Branches:
Dungeon (3/15)

Altars:


Innate Abilities, Weirdness & Mutations

You have temporarily grown beastly horns.
You are flying.
You are immune to sickness and miasma.
You are immune to poison.
Your flesh is very heat resistant. (rF++)
You are vulnerable to cold. (rC-)
You float through the air rather than walking.
You learn spells naturally, not from books.
Your magical power is your life essence.
You have superior vitality. (+4 MHP)


Message History

You hit the orc.
The orc is lightly wounded.
The orc closely misses you. x2
You hit the orc.
The orc is heavily wounded.
The orc misses you. The orc barely misses you.
You barely miss the orc. Your headbutt misses the orc.
The orc is heavily wounded.
The orc misses you. The orc hits you with a +0 flail.
You closely miss the orc.
The orc is heavily wounded.
The orc hits you with a +0 flail! The orc closely misses you.
You hit the orc.
You kill the orc!
Your transformation is almost over.
The orc barely misses you.
You hit the orc but do no damage. You headbutt the orc, but do no damage.
The orc hits you with a +0 falchion. The orc misses you.
You hit the orc. Your headbutt misses the orc.
The orc is lightly wounded.
The orc hits you with a +0 falchion. The orc closely misses you.
You closely miss the orc. You headbutt the orc.
The orc is heavily wounded.
The orc completely misses you. The orc barely misses you.
You closely miss the orc. You headbutt the orc.
You kill the orc!
The orc barely misses you.
You hit the orc. You punch the orc.
The orc is heavily wounded.
The orc hits you with a +1 flail of holy wrath!
* * * LOW HITPOINT WARNING * * *
The orc hits you with a +0 trident.
* * * LOW HITPOINT WARNING * * *
You are too injured to fight recklessly!
You are too injured to fight recklessly!
You are too injured to fight recklessly!
You are too injured to fight recklessly!
You are too injured to fight recklessly!
The orc attacks as you move away! The orc hits you with a +0 trident!
You die...

################
##............@o#
#..############oS#
#.## #.... ##.#
...... ##..# .....
#..## .....
#.####### ....
......... ....
####....#


You could see an adder and 2 orcs.

Vanquished Creatures
  An adder (D:2)
  2 dart slugs (D:1)
  3 orcs (D:3)
  4 bats
  6 endoplasms
  2 giant cockroaches (D:1)
  3 goblins
  3 hobgoblins
  4 jackals (D:1)
  3 quokkas
  3 ball pythons
  3 kobolds
  7 rats
44 creatures vanquished.

Notes
Turn   | Place    | Note
-------+----------+-------------------------------------------
     0 | D:1      | purpskrrrp the Djinni Transmuter began the quest for the
                  | Orb.
     0 | D:1      | purpskrrrp set off with the following spells memorised:
                  | Beastly Appendage, Wereblood, Spider Form, Ice Form.
     0 | D:1      | Reached XP level 1. HP: 17/17 MP: 0/0
   256 | D:1      | Reached XP level 2. HP: 22/22 MP: 0/0
   273 | D:1      | HP: 1/33 [dart slug/slug dart (2)]
   433 | D:1      | Reached XP level 3. HP: 24/27 MP: 0/0
   433 | D:1      | Learned a level 1 spell: Foxfire
  1474 | D:2      | Reached XP level 4. HP: 18/33 MP: 0/0
  2136 | D:3      | Slain by an orc

Illustrated notes

Levels and vault maps discovered:
D:1:      saegor_arrival_under_anarchy, layout_basic, kennysheep_flooded_box,
          grunt_decor_mini_mirrors, minmay_pentomino_w4
D:2:      layout_basic
D:3:      layout_rooms

Skill      XL: |  1  2 |
---------------+-------+-----
Spellcasting   | 2 |  2.3
Fighting       | |  1.8
Dodging        | |  2.8
Unarmed Combat | |  3.4

Action                   |  1- 3 |  4- 6 || total
-------------------------+-------+-------++-------
Melee: Unarmed           |   117 |    13 ||   130
       Headbutt          |    18 |     3 ||    21
       Punch             |     4 |     1 ||     5
       Dagger            |       |    17 ||    17
 Cast: Beastly Appendage |    19 |     4 ||    23
  Use: Potion            |     2 |       ||     2
       Scroll            |     2 |     9 ||    11
Armor: Robe              |    18 |     5 ||    23
       Skin              |    15 |       ||    15
Dodge: Dodged            |    83 |    30 ||   113

Table legend: (Time is in decaauts)
 A = Elapsed time spent in this place.
 B = Non-inter-level travel time spent in this place.
 C = Inter-level travel time spent in this place.
 D = Time resting spent in this place.
 E = Time spent auto-exploring this place.
 F = Levels seen in this place.
 G = Mean time per level.
                   A        B        C        D        E       F      G
               +--------+--------+--------+--------+--------+-----+--------+
         Total |   2127 |   2036 |     91 |    242 |   1477 |   3 |  709.0 |
       Dungeon |   2127 |   2036 |     91 |    242 |   1477 |   3 |  709.0 |
               +--------+--------+--------+--------+--------+-----+--------+

Top non-repeatable levels by time:
     D:2: 1084 daAuts
     D:1: 950 daAuts
     D:3: 91 daAuts
